 Dungeon Crawl Stone Soup version 0.29-a0-322-g68df515428 (webtiles) character file.

Game seed: 7514588581821148942

79 odemus the Grave Robber (level 4, -1/31 HPs)
             Began as a Human Necromancer on Apr 8, 2022.
             Slain by a centaur (2 damage)
             ... on level 6 of the Dungeon.
             The game lasted 00:20:25 (2521 turns).

odemus the Grave Robber (Human Necromancer)         Turns: 2521, Time: 00:20:25

Health: -1/31      AC:  3    Str:  8    XL:     4   Next: 62%
Magic:  7/7        EV: 12    Int: 18    God:
Gold:   109        SH:  0    Dex: 13    Spells: 7/8 levels left

rFire   . . .      SeeInvis .   g - +2 falchion (holy)
rCold   . . .      Faith    .   c - orb {mayhem}
rNeg    . . .      Spirit   .   a - +0 robe
rPois   .          Reflect  .   (no helmet)
rElec   .          Harm     .   d - +0 cloak
rCorr   .          Rampage  .   (no gloves)
Will    .....                   (no boots)
Stlth   ++........              (no amulet)
HPRegen 0.10/turn               (no ring)
MPRegen 0.10/turn               (no ring)

@: weak-willed
A: no striking features
a: no special abilities


You were on level 6 of the Dungeon.
You visited 1 branch of the dungeon, and saw 4 of its levels.

You collected 109 gold pieces.

Inventory:

Hand Weapons
 f - a +0 spear
 g - a +2 falchion of holy wrath (weapon)
 h - a +3 spear
Armour
 a - a +0 robe (worn)
 c - an orb of mayhem (worn)
 d - a +0 cloak (worn)
 n - a +0 helmet
Scrolls
 m - a scroll of fog {unknown}
 o - 4 scrolls of identify {unknown}
 p - 2 scrolls of magic mapping {unknown}
 q - a scroll of summoning {unknown}
 r - a scroll of teleportation {unknown}
Potions
 b - a potion of magic
 j - a potion of curing {unknown}
 k - 3 potions of heal wounds {unknown}


   Skills:
 + Level 0.6 Fighting
 + Level 1.1 Long Blades
 + Level 2.0 Dodging
 * Level 2.7 Stealth
 * Level 2.6 Spellcasting
 * Level 4.7 Necromancy


You had 7 spell levels left.
You knew the following spells:

 Your Spells              Type           Power      Damage    Failure   Level
a - Pain                  Necr           76%        1d7       2%          1

Your spell library contained the following spells:

 Spells                   Type           Power      Damage    Failure   Level
 Animate Skeleton         Necr           38%        N/A       2%          1
 Vampiric Draining        Necr           19%        2d7       8%          3
 Animate Dead             Necr           9%         N/A       24%         4
 Agony                    Necr           19%        N/A       56%         5


Dungeon Overview and Level Annotations

Branches:
Dungeon (3/15)             Temple (0/1) D:6

Altars:


Message History

The arrow misses you.
The centaur shoots an arrow.
The arrow hits you!
The centaur shoots an arrow.
The arrow hits you!
The centaur shoots an arrow.
The arrow closely misses you.
The centaur shoots an arrow.
The arrow hits you.
The centaur shoots an arrow.
The arrow barely misses you.
You hit the plant.
The plant begins to die.
The plant is lightly damaged.
The centaur shoots an arrow.
The arrow barely misses you.
The arrow hits the plant!
You hit the plant.
The plant is lightly damaged.
The centaur unwields a +0 shortbow.
The centaur hits you. The centaur kicks you.
You slash the plant!
The plant is lightly damaged.
The centaur completely misses you.
The centaur kicks you but does no damage.
This is a scroll of acquirement!
Something appears at your feet!
A nearby plant withers and dies.
The centaur hits you.
* * * LOW HITPOINT WARNING * * *
The centaur kicks you but does no damage.
The centaur hits you.
* * * LOW HITPOINT WARNING * * *
The centaur kicks you.
* * * LOW HITPOINT WARNING * * *
As you read the scroll labelled FUMIMYL ICIETT, it crumbles to dust.
Magic quickly surges around you.
It was a scroll of vulnerability.
The centaur hits you but does no damage.
The centaur kicks you.
* * * LOW HITPOINT WARNING * * *
As you read the scroll labelled TOOW UNEZOAQO, it crumbles to dust.
It is a scroll of amnesia.
Okay, then.
The centaur hits you.
* * * LOW HITPOINT WARNING * * *
The centaur barely misses you. The centaur closely misses you.
The centaur kicks you.
You die...

##. #...c. # ..#+#....#.#
#.....#[#.# +....c....#
######.####....##.#.+ #
.................# # #.
#[....#######.##.#
#.##.....#...###.##.+
#........P..@c....###
#.......##.##.....#####
#......P#...#P.##.'...+
#.........>....####...#
#.....#P#...#P###.......#
#.....####.#### #+#...#+#
#.....# #P.P# #...#
#.....# ##.## ##+##
#.##### #.#


You could see a centaur (weak-willed).

Vanquished Creatures
  3 adders (D:2)
  A worm (D:2)
  A dart slug (D:2)
  3 ball pythons
  5 endoplasms
  4 giant cockroaches
  A goblin (D:2)
  3 hobgoblins
  6 jackals
  3 kobolds
  3 quokkas
  2 bats
  5 frilled lizards
  2 rats
42 creatures vanquished.

Vanquished Creatures (others)
  A plant (D:6)
1 creature vanquished.

Grand Total: 43 creatures vanquished

Notes
Turn   | Place    | Note
-------+----------+-------------------------------------------
     0 | D:1      | odemus the Human Necromancer began the quest for the Orb.
     0 | D:1      | Reached XP level 1. HP: 13/13 MP: 3/3
   225 | D:1      | Reached XP level 2. HP: 16/19 MP: 1/5
   346 | D:1      | Found a faded altar of an unknown god.
  1110 | D:2      | Reached XP level 3. HP: 20/25 MP: 6/6
  1330 | D:2      | Reached skill level 1 in Long Blades
  1727 | D:2      | Reached XP level 4. HP: 23/31 MP: 2/7
  2450 | D:3      | You fall into a shaft and drop 3 floors!
  2462 | D:6      | Found a staircase to the Ecumenical Temple.
  2504 | D:6      | Noticed a centaur
  2519 | D:6      | Identified a scroll of acquirement
  2519 | D:6      | Acquired a staff of cold
  2521 | D:6      | HP: 1/31 [centaur (2)]
  2521 | D:6      | Slain by a centaur

Illustrated notes

Levels and vault maps discovered:
D:1:      dpeg_arrival_court, layout_basic,
          shapermc_ecumenical_altar_mp_vishouse, nicolae_wormholes
D:2:      layout_basic
D:3:      layout_loops_ring, nicolae_overflow_hidden_temple, serial_shops,
          nicolae_shop_temple_entry_statues_fountains
D:6:      nicolae_cairo_tiling_large, layout_basic,
          minmay_temple_entry_gardened_gates, serial_shops, shop,
          nicolae_shop_stone

Skill      XL: |  1  2  3 |
---------------+----------+-----
Long Blades    | 1 |  1.1
Fighting       | |  0.6
Dodging        | |  2.0
Stealth        | |  2.7
Spellcasting   | |  2.6
Necromancy     | |  4.7

Action                   |  1- 3 |  4- 6 || total
-------------------------+-------+-------++-------
Melee: Falchion          |    37 |    21 ||    58
 Cast: Pain              |    44 |    16 ||    60
  Use: Scroll            |       |     3 ||     3
 Stab: Sleeping          |     1 |     1 ||     2
Armor: Robe              |    17 |     9 ||    26
Dodge: Dodged            |    45 |    22 ||    67

Table legend: (Time is in decaauts)
 A = Elapsed time spent in this place.
 B = Non-inter-level travel time spent in this place.
 C = Inter-level travel time spent in this place.
 D = Time resting spent in this place.
 E = Time spent auto-exploring this place.
 F = Levels seen in this place.
 G = Mean time per level.
                   A        B        C        D        E       F      G
               +--------+--------+--------+--------+--------+-----+--------+
         Total |   2535 |   2535 |      0 |      0 |    576 |   4 |  633.8 |
       Dungeon |   2535 |   2535 |      0 |      0 |    576 |   4 |  633.8 |
               +--------+--------+--------+--------+--------+-----+--------+

Top non-repeatable levels by time:
     D:2: 1547 daAuts
     D:1: 717 daAuts
     D:3: 198 daAuts
     D:6: 71 daAuts
